Map: Blackpink LE

Players

Maru - Winner!

  • Race: Terran Terran
  • Spawn Location: 1:00

Nerchio

  • Race: Zerg Zerg
  • Spawn Location: 7:00

Event: WESG 2017 Haikou

VOD

Have the link to the VOD?

Description

Time

  • Played on: March 16, 2018, 2:37 a.m.
  • Length: 11:34

All games in this series

Show
View Real Time Build Order
Export as new Build Order

Maru Terran - Winner!

Build Orders: Reaper Expand, Bio Tank 

Get SALT Encoding   

  12  0:00  SCV  
  13  0:12  SCV  
  14  0:17  Supply Depot  
  14  0:25  SCV  
  15  0:39  SCV  
  15  0:41  Barracks  
  16  0:44  Refinery  
  16  0:51  SCV  
  17  1:03  SCV  
  18  1:15  SCV  
  19  1:27  Orbital Command  
  19  1:28  Reaper  
  20  1:38  Command Center  
  20  1:48  Barracks  
  20  1:53  SCV  
  21  2:01  Supply Depot  
  21  2:02  Barracks Reactor  
  21  2:05  SCV  
  22  2:13  Refinery  
  22  2:17  SCV  
  23  2:29  SCV  
  25  2:40  Marine x2, Factory  
  25  2:41  SCV  
  25  2:42  Barracks Tech Lab  
  27  2:53  SCV  
  28  3:02  Marine  
  28  3:03  Stimpack  
  29  3:05  SCV  
  30  3:18  SCV, Orbital Command  
  31  3:20  Marine  
  31  3:26  Factory Reactor  
  32  3:27  Starport  
  32  3:30  SCV  
  33  3:36  Barracks  
  33  3:38  Marine  
  33  3:39  Engineering Bay  
  33  3:40  Supply Depot  
  34  3:43  Marine x2  
  34  3:48  SCV  
  37  3:54  SCV  
  38  3:56  Marine  
  38  4:00  SCV, Marine  
  41  4:06  SCV  
  42  4:10  Medivac x2  
  42  4:12  SCV  
  42  4:13  Supply Depot  
  42  4:14  Marine  
  48  4:18  SCV  
  48  4:19  Factory Tech Lab  
  48  4:24  SCV, Terran Infantry Weapons Level 1  
  49  4:30  SCV  
  51  4:31  Supply Depot  
  51  4:33  Marine x2, Barracks Reactor  
  51  4:35  Marine  
  51  4:36  SCV  
  55  4:42  SCV  
  56  4:48  SCV  
  56  4:50  Refinery, Supply Depot  
  57  4:54  Marine x3  
  57  4:55  Siege Tank  
  57  4:57  SCV  
  64  5:00  Supply Depot  
  64  5:01  SCV  
  65  5:09  Marine  
  65  5:10  Marine  
  65  5:11  SCV  
  65  5:12  Marine x2  
  65  5:13  SCV  
  71  5:14  Supply Depot  
  71  5:16  Combat Shields  
  71  5:19  Marine  
  72  5:27  Marine  
  73  5:29  Marine  
  73  5:30  Marine  
  73  5:31  Medivac  
  73  5:34  SCV  
  78  5:37  Supply Depot  
  78  5:40  Medivac  
  78  5:41  Marine x2  
  82  5:45  SCV, Marine  
  82  5:46  SCV  
  82  5:47  Marine  
  86  5:50  Marine  
  86  5:55  Siege Tank  
  89  5:58  Marine x2  
  89  6:01  SCV  
  89  6:02  Supply Depot  
  89  6:03  Marine  
  93  6:09  Marine x2  
  93  6:10  Medivac  
  97  6:13  Supply Depot  
  97  6:16  Marine  
  98  6:25  Terran Infantry Armor Level 1  
  98  6:30  Marine x2  
  98  6:31  Command Center  
  100  6:35  Siege Tank  
  103  6:42  Marine  
  104  6:50  Marine x4  
  104  6:51  Medivac  
  110  7:00  Marine  
  102  7:08  Marine x4  
  100  7:11  Siege Tank  
  100  7:15  Barracks  
  102  7:17  Marine, Barracks  
  102  7:18  SCV  
  104  7:26  Marine x4  
  108  7:32  SCV, Armory  
  108  7:35  Marine  
  110  7:37  Medivac  
  110  7:43  Marine  
  110  7:44  Marine x3  
  96  7:45  Medivac  
  98  7:53  Marine  
  94  7:59  Siege Tank  
  94  8:01  Marine x2  
  94  8:02  Marine x2  
  101  8:07  Barracks Reactor  
  101  8:08  Barracks Reactor  
  101  8:11  Marine  
  101  8:12  SCV x2  
  104  8:14  Refinery  
  104  8:19  Marine x3  
  106  8:20  Marine, Medivac  
  106  8:24  SCV  
  108  8:29  Marine  
  100  8:37  Marine x4  
  100  8:40  SCV, Orbital Command  
  100  8:41  Terran Infantry Weapons Level 2  
  101  8:44  Engineering Bay  
  101  8:45  Marine x3  
  101  8:47  Marine  
  105  8:53  Marine  
  105  8:55  Siege Tank  
  109  8:56  SCV  
  109  8:58  Marine x3  
  109  9:00  Marine  
  114  9:03  Marine  
  114  9:04  Supply Depot  
  115  9:12  Terran Infantry Armor Level 2  
  115  9:13  Marine  
  115  9:14  Marine  
  117  9:21  Marine x3, Medivac  
  122  9:28  SCV x2  
  122  9:30  Refinery x2  
  122  9:31  SCV  
  125  9:37  Supply Depot  
  125  9:40  SCV  
  125  9:41  Marine x2  
  125  9:43  Marine  
  121  9:45  Siege Tank  
  121  9:46  Medivac  
  121  9:48  Marine x3  
  121  9:52  SCV x2  
  128  9:54  Factory  
  128  9:58  Marine  
  128  9:59  SCV  
  129  10:00  Supply Depot  
  129  10:04  SCV x2  
  129  10:05  Marine x3  
  134  10:14  Marine x5  
  133  10:16  Marine  
  128  10:23  Marine  
  128  10:25  Marine x2  
  128  10:26  Medivac x2  
  122  10:32  Marine x3  
  122  10:33  Siege Tank  
  128  10:37  Marine x3  
  128  10:40  Marine  
  127  10:43  Marine  
  127  10:45  Marine  
  127  10:49  Marine, Factory Tech Lab  
  118  10:50  Marine x2  
  118  10:55  Marine x3  
  120  10:58  Marine  
  120  11:01  Marine  
  120  11:02  Marine  
  123  11:07  Marine x3  
  129  11:12  Marine  
  129  11:13  Marine x2  
  129  11:14  Command Center  
  129  11:16  Marine  
  136  11:21  Supply Depot  
Show
View Real Time Build Order
Export as new Build Order

Nerchio Zerg 

Build Orders: Pool First 

Get SALT Encoding   

  12  0:00  Drone  
  13  0:12  Overlord  
  13  0:17  Drone  
  14  0:31  Drone x2  
  16  0:41  Spawning Pool  
  15  0:44  Drone  
  15  0:48  Drone  
  17  1:09  Hatchery  
  16  1:12  Drone  
  17  1:28  Zergling x6  
  17  1:31  Queen  
  22  1:38  Overlord  
  22  2:00  Hatchery, Drone  
  22  2:04  Drone  
  23  2:11  Drone  
  24  2:17  Queen  
  26  2:25  Drone x2  
  26  2:29  Extractor  
  27  2:34  Drone x2  
  28  2:41  Drone x2  
  28  2:43  Drone  
  30  2:45  Drone  
  30  2:50  Overlord  
  31  2:53  Drone  
  31  2:57  Drone  
  33  3:04  Queen  
  34  3:09  Drone x2  
  34  3:12  Drone  
  37  3:16  Queen  
  37  3:19  Drone  
  40  3:20  Drone  
  40  3:24  Overlord  
  41  3:30  Spore Crawler  
  41  3:31  Overlord  
  40  3:38  Metabolic Boost  
  40  3:40  Drone  
  41  3:44  Drone x3  
  41  3:46  Drone  
  45  3:52  Queen  
  45  3:54  Drone  
  48  3:56  Drone  
  48  3:58  Drone  
  48  3:59  Drone  
  51  4:04  Queen  
  51  4:07  Overlord  
  53  4:10  Overlord  
  53  4:19  Zergling x2  
  53  4:20  Zergling x6  
  53  4:23  Overlord  
  57  4:27  Drone x2  
  57  4:28  Drone x2  
  57  4:29  Drone x2  
  63  4:33  Zergling x4  
  63  4:34  Zergling x4  
  67  4:39  Zergling x2  
  67  4:44  Overlord  
  68  4:48  Zergling x4  
  68  4:49  Zergling x4  
  68  4:50  Evolution Chamber, Zergling x2  
  68  4:52  Evolution Chamber  
  71  4:56  Overlord  
  71  4:59  Zergling x4  
  73  5:05  Baneling Nest  
  72  5:07  Drone  
  72  5:08  Drone x5  
  72  5:10  Drone x2  
  80  5:15  Drone  
  80  5:20  Drone x2  
  80  5:21  Zerg Ground Armor Level 1  
  83  5:26  Zerg Melee Weapons Level 1  
  81  5:28  Drone x2  
  81  5:29  Drone x2  
  81  5:32  Extractor  
  81  5:35  Zergling x6  
  87  5:36  Zergling x2  
  87  5:42  Overlord  
  88  5:43  Zergling x4  
  88  5:44  Zergling x4  
  88  5:45  Zergling x2  
  88  5:48  Hatchery  
  88  5:49  Zergling x2  
  93  5:55  Drone x2  
  95  5:57  Extractor  
  95  5:58  Extractor  
  95  6:01  Baneling x3  
  95  6:02  Zergling x8  
  97  6:06  Drone x3  
  97  6:07  Drone  
  97  6:10  Drone  
  102  6:12  Overlord  
  102  6:21  Drone x2  
  102  6:24  Drone  
  102  6:25  Overlord x2  
  105  6:30  Lair  
  103  6:33  Zergling x6  
  103  6:34  Zergling x2  
  103  6:39  Baneling x6  
  103  6:40  Baneling  
  103  6:41  Zergling x2  
  103  6:42  Zergling x8  
  103  6:43  Queen x2  
  103  6:46  Baneling x2, Zergling x2  
  103  6:47  Baneling  
  111  6:50  Baneling  
  111  6:51  Zergling x4  
  102  7:02  Zergling x14  
  102  7:04  Zergling x2  
  102  7:06  Baneling  
  102  7:07  Baneling x6, Zergling x2  
  103  7:12  Zergling x4  
  103  7:13  Zergling x4  
  103  7:14  Zergling x2  
  95  7:19  Zergling x2, Queen  
  94  7:23  Zergling x4  
  94  7:25  Queen, Zergling x4  
  94  7:27  Zergling x2  
  94  7:28  Zergling x6  
  94  7:29  Zergling x2  
  105  7:31  Centrifical Hooks  
  105  7:32  Zergling x4  
  105  7:33  Baneling x5  
  105  7:34  Zergling x2  
  105  7:36  Zergling x2  
  109  7:41  Zergling x2  
  109  7:43  Zergling x2  
  109  7:44  Zergling x2  
  101  7:45  Zergling x2  
  101  7:48  Zergling x2  
  101  7:50  Zergling x2  
  100  7:54  Queen, Zergling x2  
  100  7:58  Zergling x6  
  93  8:00  Zergling x4  
  93  8:02  Baneling x8  
  93  8:03  Zergling x6  
  93  8:04  Zergling x4  
  93  8:05  Queen x2  
  104  8:09  Zergling x8  
  104  8:11  Zergling x2  
  109  8:17  Zergling x2  
  109  8:18  Hatchery  
  103  8:29  Zergling x6  
  101  8:34  Zergling x4  
  101  8:35  Zergling x2  
  100  8:41  Zerg Melee Weapons Level 2  
  100  8:48  Zerg Ground Armor Level 2  
  100  8:51  Zergling x2  
  100  8:52  Hatchery, Zergling x2  
  100  8:53  Zergling x2  
  100  8:54  Zergling x2  
  103  8:56  Zergling x2  
  103  8:59  Baneling  
  103  9:00  Baneling x4  
  104  9:03  Zergling x2  
  104  9:05  Zergling x2  
  104  9:09  Zergling x4  
  108  9:10  Baneling x2  
  108  9:13  Baneling x3  
  108  9:16  Zergling x2  
  109  9:20  Zergling x6  
  109  9:22  Zergling x2  
  111  9:27  Zergling x4  
  111  9:29  Zergling x2  
  111  9:31  Zergling x2  
  115  9:37  Zergling x2  
  108  9:41  Zergling x14  
  108  9:43  Zergling x2  
  93  9:47  Zergling x4  
  94  9:52  Zergling x2  
  94  9:53  Zergling x2  
  94  9:54  Zergling x2  
  94  9:58  Zergling x2  
  95  10:01  Baneling x7  
  95  10:02  Zergling x2  
  95  10:08  Zergling x6  
  95  10:11  Baneling, Zergling x2  
  95  10:12  Baneling x6  
  95  10:13  Baneling  
  99  10:14  Zergling x2  
  99  10:15  Zergling x2  
  91  10:22  Zergling x8  
  91  10:24  Zergling x2  
  91  10:26  Zergling x4  
  90  10:28  Queen  
  90  10:33  Baneling x9  
  90  10:34  Baneling  
  92  10:35  Zergling x2  
  92  10:37  Zergling x2  
  92  10:38  Zergling x2  
  92  10:40  Zergling x2  
  93  10:45  Zergling x2  
  93  10:46  Zergling x2  
  93  10:47  Zergling x2, Queen  
  89  10:50  Zergling x2  
  89  10:55  Zergling x2  
  89  10:56  Queen  
  87  10:58  Zergling x2  
  87  10:59  Baneling, Zergling x2  
  87  11:00  Baneling  
  87  11:01  Baneling x2  
  87  11:02  Baneling x2  
  89  11:05  Zergling x2  
  89  11:06  Zergling x2  
  89  11:10  Zergling x2  
  89  11:11  Zergling x4  
  92  11:15  Baneling  
  92  11:16  Baneling x4  
Tags
 
Add a new tag
Caveats
  • Supply blocks, unpowered buildings, or Contaminate may cause inaccurate times.
  • Supply counts are checked every 10 seconds.